 Dungeon Crawl Stone Soup version 0.27.1-3-gb3d3a73c9e (webtiles) character file.

Game seed: 6703741564492279480

358 Descartes the Covert (level 6, 0/32 HPs)
             Began as a Spriggan Delver on Oct 18, 2021.
             Slain by an ogre (32 damage)
             ... on level 4 of the Dungeon.
             The game lasted 00:07:59 (4573 turns).

Descartes the Covert (Spriggan Delver)              Turns: 4573, Time: 00:07:59

Health: 0/32       AC:  5    Str: 10    XL:     6   Next: 37%
Magic:  7/7        EV: 18    Int: 11    God:
Gold:   193        SH:  0    Dex: 17    Spells: 5/5 levels left

rFire    . . .     SeeInvis +   a - +0 short sword
rCold    . . .     Faith    .   (shield restricted)
rNeg     . . .     Spirit   .   b - +0 robe
rPois    .         Reflect  .   (helmet restricted)
rElec    .         Harm     .   A - +2 cloak
rCorr    .         Rampage  .   (gloves unavailable)
Will     +....                  (boots unavailable)
Stlth    +++++.....             (no amulet)
HPRegen  0.10/turn              (no ring)
MPRegen  0.10/turn              (no ring)

@: very quick
A: very small, no large weapons, unfitting armour, see invisible, speed 3
a: no special abilities


You were on level 4 of the Dungeon.
You visited 1 branch of the dungeon, and saw 5 of its levels.

You collected 193 gold pieces.

Inventory:

Hand Weapons
 a - a +0 short sword (weapon)
Missiles
 o - 14 sling bullets
 r - 79 stones (quivered)
 t - 16 arrows
Armour
 b - a +0 robe (worn)
 y - a +0 buckler
 A - a +2 cloak (worn)
Magical Staves
 q - a staff of conjuration
Jewellery
 f - a ring of fire
 m - a ring of magical power
Wands
 g - a wand of digging (3)
 x - a wand of charming (6)
Scrolls
 c - a scroll of fog
 d - a scroll of magic mapping
 e - a scroll of fear
 h - 2 scrolls of enchant weapon {unknown}
 k - a scroll of enchant armour {unknown}
 n - a scroll of amnesia {unknown}
 p - a scroll of torment {unknown}
 v - a scroll of teleportation {unknown}
 w - a scroll of summoning {unknown}
Potions
 i - a potion of mutation {unknown}
 j - a potion of might {unknown}
 l - a potion of curing
 s - a potion of cancellation {unknown}
 u - a potion of flight {unknown}
 z - a potion of haste


   Skills:
 - Level 3.0 Fighting
 + Level 4.2 Short Blades
 + Level 3.4 Dodging
 + Level 10.5 Stealth


You had 5 spell levels left.
You didn't know any spells.
Your spell library was empty.

Dungeon Overview and Level Annotations

Branches:
Dungeon (5/15)
 Temple: D:4-7

Altars:
Ashenzari
Uskayaw
Wu Jian
Yredelemnul
The Shining One

Shops:
D:5 **:

Annotations:
D:5 Sigmund


Innate Abilities, Weirdness & Mutations

You are very small and have problems with some larger weapons.
You are too small for most types of armour.
You have supernaturally acute eyesight. (SInv)
You cover ground extremely quickly. (Speed+++)


Message History

You hit the scorpion.
The scorpion is almost dead.
* * * LOW HITPOINT WARNING * * *
You feel sick. The scorpion barely misses you.
You feel better. The scorpion stings you.
* * * LOW HITPOINT WARNING * * *
Found a stone staircase leading down.
A quokka comes into view.
An iguana comes into view.
A quokka comes into view.
The helpless quokka fails to defend itself.
You stick the quokka like a pincushion!!!
You kill the quokka!
The helpless iguana fails to defend itself.
You perforate the iguana like a sieve!!!
You kill the iguana!
No target in view!
No target in view!
No target in view!
No target in view!
No target in view!
No target in view!
No target in view!
A goblin comes into view. It is wielding a +0 dagger.
A goblin comes into view. It is wielding a +0 dagger.
The goblin shouts!
You hear a shout!
An ogre comes into view. It is wielding a +0 giant spiked club.
The goblin closely misses you.
You closely miss the goblin. The goblin closely misses you.
You hit the ogre.
The ogre is lightly wounded.
The goblin barely misses you. The ogre misses you.
You hit the ogre.
The ogre is lightly wounded.
The goblin hits you but does no damage.
You hit the ogre.
The ogre is moderately wounded.
The ogre hits you with a +0 giant spiked club!!
Ouch! That really hurt!
You die...

##### #.###
#.#...........
##...###..#..........
#.....##..##.........
#......#..# #..r.....
#.........# #.. ....
##.........## #. ...
###...........# ##
...............# .
###....@........#
#...gO..........
##...g.........#
#.............#
#............#
##..........#
#..........
##........#


You could see an ogre and 2 goblins.

Vanquished Creatures
  A necrophage (D:4)
  An ogre (D:5)
  A scorpion (D:4)
  An iguana (D:4)
  A hound skeleton (D:4)
  3 adders (D:3)
  2 dart slugs
  5 endoplasms
  5 goblins
  2 hobgoblins
  7 jackals (D:3)
  3 quokkas
  3 ball pythons
  7 bats
  3 frilled lizards
  4 kobolds
  17 rats
66 creatures vanquished.

Notes
Turn   | Place    | Note
-------+----------+-------------------------------------------
     0 | D:5      | Descartes the Spriggan Delver began the quest for the Orb.
     0 | D:5      | Reached XP level 1. HP: 11/11 MP: 2/2
    13 | D:5      | Found Ydustif's Assorted Antiques.
    29 | D:5      | Found Ciujon's General Store.
    45 | D:5      | Noticed a scorpion
    56 | D:5      | Found Nocsam Uck's Book Boutique.
    79 | D:5      | Noticed an ogre
    83 | D:5      | Killed an ogre
    84 | D:5      | Reached skill level 9 in Stealth
    84 | D:5      | Reached XP level 2. HP: 16/16 MP: 3/3
    84 | D:5      | Reached XP level 3. HP: 19/19 MP: 4/4
    84 | D:5      | Reached XP level 4. HP: 23/23 MP: 5/5
   105 | D:5      | Noticed Sigmund
   184 | D:4      | Noticed a scorpion
   220 | D:4      | Noticed a necrophage
   545 | D:2      | Found a faded altar of an unknown god.
  1773 | D:1      | Reached XP level 5. HP: 28/28 MP: 6/6
  3734 | D:4      | Killed a necrophage
  3735 | D:4      | Reached skill level 10 in Stealth
  4035 | D:4      | Reached XP level 6. HP: 32/32 MP: 7/7
  4096 | D:4      | Found a basalt altar of Yredelemnul.
  4096 | D:4      | Found a glowing golden altar of the Shining One.
  4104 | D:4      | Found a hide-covered altar of Uskayaw.
  4106 | D:4      | Found an ornate altar of the Wu Jian Council.
  4108 | D:4      | Found a broken altar of Ashenzari.
  4573 | D:4      | Slain by an ogre

Illustrated notes

Levels and vault maps discovered:
D:1:      sevenhm_arrival_forest_fort_large_1, layout_basic, chequers_arboretum,
          st_stairs_6, chequers_serial_rivers_marsh, minmay_rat_gold_closets
D:2:      layout_loops_ring, basic_ecumenical_altar
D:3:      layout_basic, minmay_misc_feat_x
D:4:      layout_cave_pods, chequers_temple_overflow_minitemple
D:5:      minmay_bubble_buster, layout_loops_ring, nicolae_ru_awakened_eye,
          serial_shops, shop, kennysheep_mini, shop, shop, shop,
          kennysheep_generic_room_13, uniq_sigmund

Skill      XL: |  1  2  3  4  5 |
---------------+----------------+-----
Stealth        | 9 10 | 10.5
Dodging        | 3 |  3.4
Fighting       | 3 |  3.0
Short Blades   | 4 |  4.2

Action                   |  1- 3 |  4- 6 || total
-------------------------+-------+-------++-------
Melee: Short sword       |     1 |   226 ||   227
  Use: Potion            |       |     3 ||     3
 Stab: Sleeping          |     1 |    32 ||    33
       Distracted        |       |     2 ||     2
Armor: Robe              |       |    16 ||    16
Dodge: Dodged            |       |   160 ||   160
